 Dungeon Crawl Stone Soup version 0.28.0 (webtiles) character file.

Game seed: 6375090021646517377

744 SnakkuSnakku7 the Reanimator (level 7, -3/46 HPs)
             Began as a Barachi Necromancer on Feb 14, 2022.
             Slain by a killer bee (9 damage)
             ... on level 5 of the Dungeon.
             The game lasted 00:05:53 (4746 turns).

SnakkuSnakku7 the Reanimator (Barachi Necromancer)  Turns: 4746, Time: 00:05:53

Health: -3/46      AC:  2    Str:  6 (9)  XL:     7   Next: 76%
Magic:  5/10       EV: 12    Int: 17 (18) God:
Gold:   158        SH:  0    Dex: 11 (12) Spells: 6/10 levels left

rFire   . . .      SeeInvis .   g - +1 whip (drain)
rCold   . . .      Faith    .   (no shield)
rNeg    . . .      Spirit   .   a - +0 robe
rPois   .          Reflect  .   (no helmet)
rElec   .          Harm     .   (no cloak)
rCorr   .          Rampage  .   (no gloves)
Will    .....                   (no boots)
Stlth   +.........              (no amulet)
HPRegen 0.15/turn               (no ring)
MPRegen 0.12/turn               (no ring)

@: confused, lethally poisoned (-3 -> -8), ambrosia-drunk, slow
A: amphibious, slowness 1, strong legs 1, +LOS
a: Hop


You were on level 5 of the Dungeon.
You visited 1 branch of the dungeon, and saw 5 of its levels.

You collected 158 gold pieces.

Inventory:

Hand Weapons
 d - a +0 short sword
 g - a +1 whip of draining (weapon)
 k - a +0 whip
Armour
 a - a +0 robe (worn)
 n - a +1 scale mail of poison resistance
Jewellery
 b - an amulet of reflection
Scrolls
 f - 3 scrolls of identify {unknown}
 h - a scroll of enchant armour {unknown}
 i - 2 scrolls of teleportation {unknown}
 m - a scroll of fear {unknown}
 o - a scroll of fog {unknown}
 p - a scroll of magic mapping {unknown}
Potions
 c - a potion of invisibility {unknown}
 l - 2 potions of curing {unknown}


   Skills:
 - Level 2.1 Dodging
 - Level 1.7 Stealth
 - Level 2.1 Spellcasting
 + Level 8.5 Necromancy


You had 6 spell levels left.
You knew the following spells:

 Your Spells              Type           Power      Damage    Failure   Level
a - Pain                  Necr           100%       1d9       1%          1
b - Vampiric Draining     Necr           30%        2d8       1%          3

Your spell library contained the following spells:

 Spells                   Type           Power      Damage    Failure   Level
 Animate Skeleton         Necr           60%        N/A       1%          1
 Animate Dead             Necr           15%        N/A       5%          4
 Dispel Undead            Necr           30%        3d14      5%          4
 Agony                    Necr           30%        N/A       16%         5
 Static Discharge         Conj/Air       1%         N/A       28%         2
 Sticky Flame             Conj/Fire      1%         2d3       88%         4


Dungeon Overview and Level Annotations

Branches:
Dungeon (5/15)
 Temple: D:4-7

Altars:
Yredelemnul


Innate Abilities, Weirdness & Mutations

You are amphibious.
You cover ground slowly.
You can hop short distances.
You have an extended range of vision and can be seen from far away.


Message History

You are poisoned.
The killer bee poisons you!
The killer bee stings you but does no damage.
You hit the killer bee.
The killer bee is heavily wounded.
You feel sick. The killer bee stings you. The killer bee completely misses you.
The killer bee stings you.
* * * LOW HITPOINT WARNING * * *
You are lethally poisoned!
The killer bee poisons you!
Aiming: Vampiric Draining (safe; 1% risk of failure)
Press: ? - help, Q - select action, (/) - cycle Shift-Dir - straight line, f/p - killer bee
Aim: a killer bee (heavily wounded)
You draw life force from the killer bee!
You kill the killer bee!
You feel life coursing into your body.
* * * LOW HITPOINT WARNING * * *
You feel very sick. The killer bee stings you.
* * * LOW HITPOINT WARNING * * *
Unknown command.
Aiming: Vampiric Draining (safe; 1% risk of failure)
Press: ? - help, Q - select action, (/) - cycle Shift-Dir - straight line, f - killer bee
Aim: a killer bee You draw life force from the killer bee!
You feel life coursing into your body!
You feel sick. The killer bee stings you!
* * * LOW HITPOINT WARNING * * *
The killer bee barely misses you.
Unknown command.
It was a potion of degeneration.
There was something very wrong with that liquid.
You feel weakened.
You feel dopey.
You feel clumsy.
* * * LOW HITPOINT WARNING * * *
You feel sick. The killer bee completely misses you. The killer bee stings you.
* * * LOW HITPOINT WARNING * * *
It was a potion of ambrosia.
You are confused.
You feel invigorated.
You feel sick. The killer bee stings you!
You die...

#..O.!.....#
#.#.........#
#...........#
#.y.# ##y## #
#.## #. #..#
#..####.##
####
#...@yhO.#
#...
......#####..#
#.## #### #..#
#.# #..# #.#
#..# #.# #..#
#.# ###..####
#>#
###.......#
##.##
##.#.#####.#
#...#


You could see an ogre, a hound and a killer bee.

Vanquished Creatures
  2 sky beasts (D:5)
  2 ogres (D:4)
  2 killer bees (D:5)
  3 iguanas
  Jessica (D:3)
  An orc wizard (D:3)
  3 hound skeletons
  7 adders
  An adder skeleton (D:4)
  A worm (D:2)
  6 orcs (D:3)
  7 ball pythons
  5 bats
  5 endoplasms
  3 giant cockroaches (D:2)
  6 goblins
  4 hobgoblins
  2 jackals (D:2)
  2 quokkas
  6 frilled lizards
  8 kobolds
  2 rats
79 creatures vanquished.

Notes
Turn   | Place    | Note
-------+----------+-------------------------------------------
     0 | D:1      | SnakkuSnakku7 the Barachi Necromancer began the quest for
                  | the Orb.
     0 | D:1      | Reached XP level 1. HP: 13/13 MP: 3/3
   194 | D:1      | Reached skill level 4 in Necromancy
   194 | D:1      | Reached XP level 2. HP: 15/19 MP: 3/5
  1007 | D:2      | Reached XP level 3. HP: 18/24 MP: 6/6
  1011 | D:2      | Learned a level 3 spell: Vampiric Draining
  1375 | D:2      | Reached skill level 5 in Necromancy
  1375 | D:2      | Reached XP level 4. HP: 18/30 MP: 3/7
  1867 | D:2      | Found a faded altar of an unknown god.
  2594 | D:3      | Reached XP level 5. HP: 31/35 MP: 1/8
  2645 | D:3      | Noticed Jessica
  2650 | D:3      | Killed Jessica
  2851 | D:3      | Reached skill level 6 in Necromancy
  2885 | D:4      | Noticed an ogre
  2915 | D:4      | Killed an ogre
  2916 | D:4      | Reached XP level 6. HP: 5/41 MP: 1/9
  3353 | D:4      | Found Gaph's Armour Emporium.
  3505 | D:4      | Reached skill level 7 in Necromancy
  3653 | D:4      | Reached XP level 7. HP: 22/46 MP: 10/10
  3918 | D:5      | Entered Level 5 of the Dungeon
  4398 | D:5      | Found a basalt altar of Yredelemnul.
  4418 | D:5      | Reached skill level 8 in Necromancy
  4745 | D:5      | HP: 2/46 [killer bee (2)]
  4746 | D:5      | Slain by a killer bee

Illustrated notes

Levels and vault maps discovered:
D:1:      dpeg_arrival_tiny_h, layout_basic, st_stairs_7
D:2:      layout_loops_corners, shapermc_ecumenical_altar_mp_vishouse,
          st_stairs_11
D:3:      layout_rooms, uniq_jessica
D:4:      layout_cave_pods, serial_shops, shop, minivault_26
D:5:      layout_loops_ring, kennysheep_vampire_church,
          mainiacjoe_overflow_cross_hatched, serial_shops, nicolae_square_shop,
          uniq_crazy_yiuf_cottage, uniq_sigmund, uniq_duvessa, uniq_pikel,
          uniq_eustachio

Skill      XL: |  1  2  3  4  5  6  7 |
---------------+----------------------+-----
Necromancy     | 4 5 6 7 8 |  8.5
Dodging        | |  2.1
Stealth        | |  1.7
Spellcasting   | |  2.1

Action                   |  1- 3 |  4- 6 |  7- 9 || total
-------------------------+-------+-------+-------++-------
Melee: Unarmed           |     3 |       |       ||     3
       Short sword       |    27 |       |       ||    27
       Whip              |    31 |   131 |    40 ||   202
       Punch             |     1 |     1 |       ||     2
 Cast: Pain              |    31 |     6 |       ||    37
       Vampiric Draining |     1 |    18 |     9 ||    28
 Abil: Hop               |     2 |     2 |     1 ||     5
  Use: Potion            |       |       |     2 ||     2
 Stab: Sleeping          |       |     2 |     1 ||     3
Armor: Robe              |    23 |    23 |    11 ||    57
Dodge: Dodged            |    57 |    91 |    37 ||   185
